AoeStats
← xXAngry_AlmanXx

Enclosed

504542075Analyzed
1v1 RM · 27d ago on Sep 5, 2026· 23m 49s· 2 players
Game mode
Random Map
Map size
Tiny (2 player)
Population
200
Speed
Normal
Resources
Standard
Victory
Conquest
Starting age
Dark Age
Ending age
Imperial Age
RankedLock teamsTeams togetherTeam positionsShared explorationLock speedFull tech treeHidden civsTurbo modeCheats
Victory
Defeat
🇩🇪 Portuguese · Germany
1003
+47
🇦🇷 Magyars · Argentina
1049
-18
xXAngry_AlmanXx
7:38 Loom
9:54 Feudal Age
10:34 Double-Bit Axe
13:12 Fletching
13:23 Padded Archer Armor
22:59 Castle Age
22:12 Horse Collar
Proteína G
9:14 Loom
11:21 Feudal Age
15:39 Castle Age
14:36 Double-Bit Axe
14:34 Horse Collar
18:54 Bow Saw
18:44 Gold Mining
20:17 Fletching
20:33 Elite Skirmisher
21:19 Padded Archer Armor
Connection lost

Rejoining the realm…

Still unreachable

The connection could not be restored.

Session expired

The server has moved on; the page needs a fresh start.